 Dungeon Crawl Stone Soup version 0.27.1 (webtiles) character file.

Game seed: 12680595405239903121

24661 ZARRMARR the Protected (level 12, -9/113 HPs)
             Began as a Minotaur Berserker on Aug 22, 2021.
             Was a High Priest of Trog.
             Mangled by a five-headed hydra (19 damage)
             ... on level 12 of the Dungeon.
             The game lasted 01:36:35 (12832 turns).

ZARRMARR the Protected (Minotaur Berserker)        Turns: 12832, Time: 01:36:35

Health: -9/113     AC: 23    Str: 33    XL:     12   Next: 82%
Magic:  11/11      EV: 10    Int:  4    God:    Trog [*****.]
Gold:   1229       SH:  0    Dex: 10    Spells: 11/11 levels left

rFire    . . .     SeeInvis .   l - +6 quarterstaff (chaos)
rCold    . . .     Faith    .   (shield currently unavailable)
rNeg     + . .     Spirit   .   O - +0 plate armour
rPois    .         Reflect  .   (helmet restricted)
rElec    .         Harm     .   k - +0 cloak
rCorr    .         Rampage  +   g - +0 pair of gloves
Will     ++...                  R - +2 pair of boots {rampage}
Stlth    ..........             d - amulet of regeneration
HPRegen  2.28/turn              i - ring of positive energy
MPRegen  0.12/turn              A - +6 ring of strength

@: strong-willed, regenerating, studying Staves
A: horns 2, retaliatory headbutt
a: Renounce Religion, Berserk, Trog's Hand, Brothers in Arms


You were on level 12 of the Dungeon.
You worshipped Trog.
Trog was extremely pleased with you.
You visited 1 branch of the dungeon, and saw 12 of its levels.
You also visited: Bailey.

You collected 1469 gold pieces.
You spent 240 gold pieces at shops.

Inventory:

Hand Weapons
 l - a +6 quarterstaff of chaos (weapon)
 o - a +6 club
 w - a +4 antimagic quarterstaff
 Q - the +6 hunting sling "Sifer" {vorpal, Str+6}
   (You found it in a bailey)

   Any ammunition fired from it inflicts extra damage upon your enemies.
   Str:       It affects your strength (+6).
Missiles
 a - 7 curare-tipped darts
 s - 41 poisoned darts
 t - a throwing net
 z - 6 silver javelins
 C - 41 boomerangs (quivered)
 S - 46 arrows
 T - 4 javelins
 U - 61 sling bullets
Armour
 g - a +0 pair of gloves (worn)
 k - a +0 cloak (worn)
 O - a +0 plate armour (worn)
 R - a +2 pair of boots of rampaging (worn)
Jewellery
 d - an amulet of regeneration (around neck)
 e - an amulet of faith
 i - a ring of positive energy (left hand)
 A - a +6 ring of strength (right hand)
 D - a ring of protection from cold
 L - a ring of protection from fire
 Y - a ring of resist corrosion
Wands
 c - a wand of mindburst (6)
 m - a wand of flame (35)
 v - a wand of charming (5)
 x - a wand of digging (12)
 y - a wand of acid (9)
 Z - a wand of polymorph (5)
Scrolls
 j - 3 scrolls of magic mapping
 E - 5 scrolls of teleportation
 G - 4 scrolls of enchant armour
 H - 5 scrolls of blinking
 I - a scroll of fear {unknown}
 M - 2 scrolls of fog
 W - a scroll of holy word {unknown}
 X - a scroll of silence
Potions
 b - a potion of brilliance {unknown}
 f - a potion of lignification {unknown}
 h - 5 potions of might {unknown}
 n - a potion of degeneration {unknown}
 p - 5 potions of haste {unknown}
 q - 3 potions of flight {unknown}
 r - 4 potions of heal wounds {unknown}
 u - 2 potions of curing {unknown}
 B - a potion of magic
 F - a potion of attraction {unknown}
 V - 2 potions of berserk rage {unknown}


   Skills:
 + Level 12.7 Fighting
 - Level 5.0(10.3) Maces & Flails
 - Level 13.6(14.0) Staves
 + Level 9.1 Slings
 + Level 13.7 Armour
 + Level 6.4 Dodging


You had 11 spell levels left.
You didn't know any spells.
Your spell library contained the following spells:

 Spells                   Type           Power      Damage    Failure   Level
 Magic Dart               Conj           0%         1d3       96%         1
 Sting                    Tmut/Pois      0%         1d3       96%         1
 Call Imp                 Summ           0%         N/A       99%         2
 Corpse Rot               Necr/Air       N/A        N/A       99%         2
 Ensorcelled Hibernation  Hex/Ice        0%         N/A       99%         2
 Poisonous Vapours        Pois/Air       0%         N/A       99%         2
 Frozen Ramparts          Ice            0%         1d2       100%        3
 Mephitic Cloud           Conj/Pois/Air  0%         N/A       100%        3
 Ozocubu's Armour         Ice            0%         N/A       100%        3
 Spider Form              Tmut/Pois      0%         N/A       100%        3
 Animate Armour           Summ/Erth      0%         N/A       100%        4
 Dispel Undead            Necr           0%         3d6       100%        4
 Ice Form                 Ice/Tmut       0%         N/A       100%        4
 Olgreb's Toxic Radiance  Pois           0%         N/A       100%        4
 Summon Ice Beast         Ice/Summ       0%         N/A       100%        4
 Blade Hands              Tmut           0%         N/A       100%        5
 Freezing Cloud           Conj/Ice/Air   0%         6-21      100%        5
 Death Channel            Necr           0%         N/A       100%        6
 Iron Shot                Conj/Erth      0%         9d1       100%        6
 Shadow Creatures         Summ           N/A        N/A       100%        6
 Simulacrum               Ice/Necr       0%         N/A       100%        6
 Ozocubu's Refrigeration  Ice            0%         4d5       100%        7
 Polar Vortex             Ice            0%         N/A       100%        9


Dungeon Overview and Level Annotations

Branches:
Dungeon (12/15)            Temple (0/1) D:6            Lair (0/6) D:11
    Orc (0/2) D:11         Bailey (visited)

Altars:
Dithmenos
Elyvilon
Hepliaklqana
Makhleb
Nemelex Xobeh
Uskayaw
Vehumet
Zin

Shops:
D:4 (**:   D:5 (   D:7 *   D:8 *   D:11 ::?


Innate Abilities, Weirdness & Mutations

You have a pair of horns on your head.
You reflexively headbutt those who attack you in melee.


Message History

You bludgeon the yak!! Lightning courses through the yak!
You kill the yak!
Trog accepts your kill.
Found 3 boomerangs of dispersal.
The yak gores you.
You see here 2 sling bullets.
You bludgeon the yak!!
The yak looks as sick as possible!
Your headbutt misses the yak.
The yak is severely wounded.
The yak gores you but does no damage.
You bludgeon the yak!!
You feel better.
You kill the yak!
Trog accepts your kill.
You hit the five-headed hydra.
The five-headed hydra goes berserk!
You headbutt the five-headed hydra!
The five-headed hydra is moderately wounded.
The five-headed hydra completely misses you.
The five-headed hydra misses you. The five-headed hydra bites you!
The five-headed hydra bites you but does no damage.
The five-headed hydra bites you!
You hit the five-headed hydra but do no damage.
The five-headed hydra is moderately wounded.
You bludgeon the five-headed hydra!!
The five-headed hydra flickers and vanishes!
Deactivating autopickup; reactivate with Ctrl-A.
You headbutt something. Something bites you. Something bites you! x4
You thump something! You freeze something. You headbutt something!!
Something bites you!
Something bites you but does no damage. x3
Something bites you!
* * * LOW HITPOINT WARNING * * *
Unknown command.
Your skin crawls.
You feel strong-willed. Something bites you!
* * * LOW HITPOINT WARNING * * *
Something bites you.
* * * LOW HITPOINT WARNING * * *
Something bites you!
* * * LOW HITPOINT WARNING * * *
Something bites you!!
You die...

#.# ##+######### #.# #.# #.#
#.# #####)## . #......####
..( #......'.(###..... .. #
#......##.@{'..... ... '
#......######..... ... #
##'##### ### #'# #.# #.#
#.## ##.# #..# ##..### ##.#
#...†.. ####+###### #..#.#'#
#.......^.###########+##.#)[


There were no monsters in sight!

Vanquished Creatures
  An orc warlord (Bailey)
  3 hydras
  A rakshasa (D:12)
  A boulder beetle (D:12)
  4 two-headed ogres
  A death knight (D:9)
  Pikel (D:5)
  An orc knight (Bailey)
  2 ugly things
  4 cyclopes
  A centaur zombie (D:11)
  Joseph (D:8)
  A guardian serpent (D:12)
  A kobold demonologist (D:10)
  Maggie (D:7)
  A gargoyle (D:12)
  2 freezing wraiths
  An efreet (D:11)
  An unseen horror (D:11)
  7 trolls
  A shadow (D:12)
  2 wyverns
  21 yaks
  A vampire (D:9)
  A wraith (D:9)
  Grum (D:10)
  2 basilisks (D:11)
  2 wargs (D:11)
  Menkaure (D:7)
  2 acid dragons
  8 water moccasins
  An ice beast (D:7)
  5 orc warriors
  6 black bears
  5 wolves
  2 centaurs
  An ogre (D:4)
  A tengu (D:6)
  A lemure (D:4)
  A kobold brigand (D:7)
  A scorpion (D:3)
  2 bullfrogs
  A water moccasin zombie (D:7)
  A wyvern zombie (D:8)
  2 water moccasin skeletons (D:5)
  5 killer bees (D:7)
  3 howler monkeys (D:9)
  3 hounds
  3 jellies
  9 orc priests
  Crazy Yiuf (D:2)
  3 iguanas
  12 orc wizards
  A statue (D:3)
  A killer bee zombie (D:8)
  Robin (D:3)
  5 gnolls
  4 adders
  A white imp (D:6)
  An ufetubus (D:4)
  An adder skeleton (D:4)
  2 worms
  2 dart slugs
  31 orcs
  9 ball pythons
  7 endoplasms
  5 giant cockroaches
  6 hobgoblins
  8 jackals
  5 quokkas
  4 bats
  2 frilled lizards
  26 goblins
  27 kobolds
  2 rats
  A bush (D:4)
299 creatures vanquished.

Vanquished Creatures (others)
  4 plants
4 creatures vanquished.

Grand Total: 303 creatures vanquished

Notes
Turn   | Place    | Note
-------+----------+-------------------------------------------
     0 | D:1      | ZARRMARR the Minotaur Berserker began the quest for the
                  | Orb.
     0 | D:1      | Reached XP level 1. HP: 19/19 MP: 0/0
    91 | D:1      | Found a faded altar of an unknown god.
   373 | D:1      | Reached XP level 2. HP: 27/27 MP: 1/1
   524 | D:1      | You fall into a shaft and drop 1 floor!
   582 | D:2      | Found a runed translucent door.
   583 | D:2      | Noticed Crazy Yiuf
   763 | D:2      | Found a white marble altar of Elyvilon.
   824 | D:2      | Reached XP level 3. HP: 24/33 MP: 2/2
  1096 | D:1      | Reached ** piety under Trog
  2066 | D:2      | Killed Crazy Yiuf
  2067 | D:2      | Reached skill level 5 in Maces & Flails
  2067 | D:2      | Reached XP level 4. HP: 41/41 MP: 3/3
  2351 | D:3      | Found a radiant altar of Vehumet.
  2351 | D:3      | Noticed a charred statue
  2696 | D:3      | Noticed a scorpion
  2704 | D:3      | Killed a scorpion
  2705 | D:3      | Reached XP level 5. HP: 47/47 MP: 4/4
  2833 | D:3      | Noticed Robin
  2848 | D:3      | Killed Robin
  2849 | D:3      | Reached skill level 5 in Fighting
  2849 | D:3      | Reached skill level 1 in Staves
  3072 | D:3      | Reached *** piety under Trog
  3518 | D:4      | Reached XP level 6. HP: 56/56 MP: 5/5
  3706 | D:4      | Reached skill level 5 in Armour
  3822 | D:4      | Found a shadowy altar of Dithmenos.
  4038 | D:4      | Noticed a two-headed ogre
  4045 | D:4      | Killed a two-headed ogre
  4046 | D:4      | Reached XP level 7. HP: 63/63 MP: 6/6
  4046 | D:4      | Reached XP level 8. HP: 70/70 MP: 7/7
  4151 | D:4      | Found Taatsob's Assorted Antiques.
  4151 | D:4      | Found Ajism's Book Emporium.
  4151 | D:4      | Found Huuwopp's Antique Weapon Emporium.
  4155 | D:4      | Found Zopyar's General Store.
  4752 | D:5      | Entered Level 5 of the Dungeon
  4752 | D:5      | Noticed Pikel
  4828 | D:5      | Killed Pikel
  5014 | D:5      | Found Kuwy's Weapon Boutique.
  5210 | D:5      | Found a burning altar of Makhleb.
  5415 | D:5      | Reached XP level 9. HP: 65/79 MP: 8/8
  5728 | D:5      | Found a sparkling altar of Nemelex Xobeh.
  6005 | D:6      | Reached **** piety under Trog
  6296 | D:6      | Found a staircase to the Ecumenical Temple.
  6650 | D:7      | Noticed Maggie
  6655 | D:7      | Reached skill level 10 in Staves
  6660 | D:7      | Killed Maggie
  6681 | D:7      | Identified the +5 falchion "Ucvaidist" {vorpal, Will+
                  | Int+7}
  6724 | D:7      | Found Diaf's Gadget Gallery.
  6742 | D:7      | Noticed Menkaure
  6751 | D:7      | Killed Menkaure
  6753 | D:7      | Found a flagged portal.
  6799 | Bailey   | Entered a bailey
  6804 | Bailey   | Noticed an orc warlord
  6889 | Bailey   | Noticed an orc knight
  6899 | Bailey   | Killed an orc knight
  6900 | Bailey   | Reached skill level 5 in Dodging
  6900 | Bailey   | Reached XP level 10. HP: 89/89 MP: 9/9
  7050 | Bailey   | Found a runed translucent gate.
  7052 | Bailey   | Found a runed translucent gate.
  7071 | Bailey   | Acquired 795 gold pieces
  7080 | Bailey   | Found a runed translucent gate.
  7211 | Bailey   | Killed an orc warlord
  7284 | Bailey   | Identified the +6 hunting sling "Sifer" {vorpal, Str+6}
  7310 | Bailey   | Acquired a +2 pair of boots of rampaging
  7323 | Bailey   | Acquired a manual of Staves
  8027 | D:8      | Found Jiol's Assorted Antiques.
  8031 | D:8      | Bought a wand of digging (4) for 240 gold pieces
  8069 | D:8      | Found a white marble altar of Elyvilon.
  8180 | D:8      | Noticed Joseph
  8189 | D:8      | Killed Joseph
  8189 | D:8      | Reached ***** piety under Trog
  8462 | D:8      | Found a glowing silver altar of Zin.
  8718 | D:9      | Noticed a death knight
  8785 | D:10     | Entered Level 10 of the Dungeon
  8789 | D:10     | Noticed Grum
  8797 | D:10     | Killed Grum
  9081 | D:10     | Noticed a cyclops
  9089 | D:10     | Killed a cyclops
  9090 | D:10     | Reached skill level 10 in Fighting
  9090 | D:10     | Reached skill level 10 in Armour
  9090 | D:10     | Reached XP level 11. HP: 99/99 MP: 10/10
  9262 | D:10     | Noticed a two-headed ogre
  9266 | D:10     | Killed a two-headed ogre
  9350 | D:10     | Found a hazy altar of Hepliaklqana.
  9716 | D:9      | Killed a death knight
 10135 | D:9      | Reached skill level 1 in Slings
 10145 | D:9      | Received a gift from Trog
 10207 | D:9      | Found a hide-covered altar of Uskayaw.
 10690 | D:11     | Noticed a white ugly thing
 10694 | D:11     | Killed a white ugly thing
 10769 | D:11     | Noticed a two-headed ogre
 10778 | D:11     | Killed a two-headed ogre
 10886 | D:11     | Found Ciseet's Book Shoppe.
 11011 | D:11     | Noticed an eight-headed hydra
 11020 | D:11     | Killed an eight-headed hydra
 11102 | D:11     | Reached skill level 5 in Slings
 11146 | D:11     | Found a staircase to the Orcish Mines.
 11337 | D:11     | Found Suam's Book Shop.
 11483 | D:11     | Reached XP level 12. HP: 111/111 MP: 11/11
 11489 | D:11     | Found Utahanom's Magic Scroll Emporium.
 11499 | D:11     | Found a staircase to the Lair.
 12302 | D:12     | Noticed a rakshasa
 12312 | D:12     | Killed a rakshasa
 12433 | D:12     | Noticed a four-headed hydra
 12436 | D:12     | Killed a four-headed hydra
 12500 | D:12     | Noticed a two-headed ogre
 12500 | D:12     | Noticed a five-headed hydra
 12507 | D:12     | Killed a two-headed ogre
 12511 | D:12     | Killed a five-headed hydra
 12650 | D:12     | Noticed a boulder beetle
 12660 | D:12     | Killed a boulder beetle
 12822 | D:12     | Noticed a five-headed hydra
 12832 | D:12     | Mangled by a five-headed hydra

Illustrated notes

Levels and vault maps discovered:
D:1:      erik_arrival_orb_chamber, layout_loops_ring,
          ebering_ecumenical_altar_petrified
D:2:      layout_loops_ring, basic_altar, kennysheep_cluttered_room,
          uniq_crazy_yiuf_cottage
D:3:      kennysheep_goblin_castle, layout_loops_ring, vehumet_statue
D:4:      layout_basic, nicolae_dithmenos_the_darkroom, serial_forest,
          infiniplex_forest_clump_curved, infiniplex_forest_corner_1,
          infiniplex_forest_lined_room_, infiniplex_forest_clump_small,
          amcnicky_mini_rare_corridor_liquid, minmay_misc_feat_room,
          nrook_loot_triangle, hangedman_feature_mirror, minmay_shop_grid_forest
D:5:      layout_layer_cave, bloody_makhleb, nemelex_diamond_rough_becter,
          serial_shops, shop, uniq_pikel
D:6:      layout_loops_ring, minmay_temple_entry_glass,
          chequers_serial_rivers_small_a
D:7:      layout_cave_pools, enter_bailey_2, nicolae_shop_gadgets,
          uniq_menkaure, uniq_maggie
D:8:      layout_loops_ring, nicolae_elyvilon_peaceful_grove, zin_scriptorium,
          serial_shops, shop, uniq_joseph
D:9:      layout_loops_ring, lemuel_doored_altar
D:10:     layout_loops_cross, nicolae_hepliaklqana_hazy_memory, uniq_grum
D:11:     layout_basic, minmay_lair_entry_grove, erik_orc_4, serial_shops,
          shop_scrolls, shop, nicolae_shop_competitors_out_of_business
D:12:     layout_roguey, nrook_guardian_serpent_ordinary

Skill      XL: |  1  2  3  4  5  6  7  8  9 10 11 12 |
---------------+-------------------------------------+-----
Maces & Flails | 4 5 |  5.0
Fighting       | 4 5 6 7 8 10 11 12 | 12.7
Armour         | 3 4 6 7 8 10 12 13 | 13.7
Dodging        | 3 4 5 6 |  6.4
Staves         | 1 6 9 11 13 | 13.6
Slings         | 5 9 |  9.1

Action                   |  1- 3 |  4- 6 |  7- 9 | 10-12 || total
-------------------------+-------+-------+-------+-------++-------
Melee: Mace              |    69 |       |       |       ||    69
       Headbutt          |     7 |    13 |    31 |    94 ||   145
       Quarterstaff      |       |    82 |   140 |   325 ||   547
 Fire: Hunting sling     |       |       |       |    82 ||    82
Throw: Stone             |    63 |    73 |    15 |       ||   151
       Javelin           |       |       |    23 |       ||    23
       Boomerang         |       |       |    26 |    54 ||    80
Invok: Berserk           |     2 |     6 |     8 |    23 ||    39
       Trog's Hand       |       |       |     1 |     1 ||     2
Evoke: Wand              |       |       |     1 |     1 ||     2
  Use: Scroll            |     1 |     2 |     3 |    13 ||    19
 Stab: Confused          |       |       |       |     1 ||     1
Armor: Animal skin       |     1 |       |       |       ||     1
       Ring mail         |    12 |    42 |    26 |       ||    80
       Acid dragon scale |       |       |    30 |     1 ||    31
       Plate armour      |       |       |       |   139 ||   139
Dodge: Dodged            |    51 |    52 |    79 |    87 ||   269
